 Dungeon Crawl Stone Soup version 0.22-a0-40-g3d2f077 (webtiles) character file.

8048 Gorice the Severer (level 11, -6/80 HPs)
             Began as a Hill Orc Wanderer on Jan 4, 2018.
             Was a Priest of Beogh.
             Mangled by a komodo dragon (16 damage)
             ... on level 10 of the Dungeon.
             The game lasted 00:50:18 (12155 turns).

Gorice the Severer (Hill Orc Wanderer)             Turns: 12155, Time: 00:50:19

Health: -6/80      AC: 18    Str: 18    XL:     11   Next: 24%
Magic:  0/13       EV:  8    Int:  9    God:    Beogh [***...]
Gold:   233        SH:  0    Dex: 14    Spells: 10/10 levels left

rFire    . . .     SeeInvis .   A - +4 battleaxe
rCold    . . .     Gourm    .   (shield currently unavailable)
rNeg     . . .     Faith    .   M - +0 chain mail
rPois    +         Spirit   +   (no helmet)
rElec    .         Reflect  .   F - +1 cloak
rCorr    .         Harm     .   y - +0 pair of gloves
MR       .....                  m - +1 pair of boots
Stlth    ..........             G - amulet of guardian spirit
HPRegen  0.23/turn              Z - ring of poison resistance
MPRegen  0.13/turn              (no ring)

@: no status effects
A: no striking features
a: Smiting, Renounce Religion


You were on level 10 of the Dungeon.
You worshipped Beogh.
Beogh was most pleased with you.
You were not hungry.

You visited 3 branches of the dungeon, and saw 12 of its levels.

You collected 519 gold pieces.
You spent 286 gold pieces at shops.

Inventory:

Hand Weapons
 a - a +1 hand axe of electrocution
   (You took it off an orc on level 5 of the Dungeon)
 b - a +5 blowgun
 A - a +4 battleaxe (weapon)
 E - a +3 hand axe
Missiles
 c - 56 poisoned needles
 r - 16 tomahawks
 t - 16 javelins (quivered)
 X - 7 tomahawks of dispersal
 Y - 188 stones
Armour
 m - a +1 pair of boots (worn)
 y - a +0 pair of gloves (worn)
 F - a +1 cloak (worn)
 M - a +0 chain mail (worn)
Magical Staves
 D - an uncursed staff of death
 K - an uncursed staff of cold
Jewellery
 G - an amulet of guardian spirit (around neck)
 Z - a ring of poison resistance (left hand)
Wands
 l - a wand of iceblast (8)
 I - a wand of random effects (32)
 N - a wand of polymorph (14)
 O - a wand of flame (37)
 Q - a wand of enslavement (12)
Scrolls
 g - 6 scrolls of enchant armour
 n - a scroll of blinking
 o - 2 scrolls of teleportation {!r}
 q - 2 scrolls of amnesia
 s - 7 scrolls of remove curse
 u - 5 scrolls of identify
 w - a scroll of fear {!r}
 x - a scroll of enchant weapon
Potions
 d - a potion of magic {!q}
 e - 5 potions of lignification {!q}
 h - 4 potions of mutation {!q}
 i - a potion of invisibility {!q}
 j - a potion of agility {!q}
 k - 2 potions of might {!q}
 p - a potion of flight
 v - 3 potions of curing
 z - 2 potions of heal wounds {!q}
 C - a potion of ambrosia
 H - a potion of cancellation {!q}
 J - a potion of brilliance {!q}
 P - a potion of haste {!q}
Books
 L - a book of Maledictions
Comestibles
 f - 23 rations


   Skills:
 - Level 2.4 Fighting
 + Level 16.8 Axes
 - Level 1.0 Staves
 - Level 1.0 Throwing
 + Level 10.7 Armour
 - Level 1.0 Dodging
 + Level 3.5 Invocations
 - Level 1.0 Evocations


You had 10 spell levels left.
You didn't know any spells.

Dungeon Overview and Level Annotations

Branches:
Dungeon (10/15)            Temple (1/1) D:7            Lair (1/6) D:9
    Orc: D:9-12

Altars:
Ashenzari
Cheibriados
Dithmenos
Elyvilon
Fedhas
Gozag
Hepliaklqana
Kikubaaqudgha
Makhleb
Nemelex Xobeh
Okawaru
Qazlal
Ru
Sif Muna
Trog
Uskayaw
Vehumet
Wu Jian
Xom
Yredelemnul
Zin
The Shining One

Shops:
D:4 ?   D:8 !

Annotations:
D:6 vpUX: $ on deep water island
D:7 Pikel
Lair:1 hydra wt!


Message History

The two-headed ogre hits you with a dire flail.
The two-headed ogre hits you but does no damage.
Damage: 5 (max 14)
You hit the two-headed ogre but do no damage.
The two-headed ogre is heavily wounded.
The two-headed ogre hits you with a dire flail!
The two-headed ogre hits you with a giant spiked club.
Damage: 14 (max 14)
You hit the two-headed ogre.
The two-headed ogre is heavily wounded.
You hit the two-headed ogre.
The two-headed ogre is severely wounded.
The two-headed ogre misses you.
The two-headed ogre hits you with a giant spiked club!
* * * LOW HITPOINT WARNING * * *
Damage: 11 (max 14)
You hit the two-headed ogre.
The two-headed ogre is severely wounded.
You slash the two-headed ogre!
The two-headed ogre is almost dead.
The two-headed ogre hits you with a dire flail!
* * * LOW HITPOINT WARNING * * *
The two-headed ogre hits you with a giant spiked club!
* * * LOW HITPOINT WARNING * * *
Damage: 14 (max 14) Evoke which item? (* to show all) (? for menu, Esc to quit)
Aiming: Iceblast
Press: ? - help, Shift-Dir - straight line, p - two-headed ogre The mass of ice explodes!
The iceblast engulfs the two-headed ogre.
You kill the two-headed ogre!
Beogh accepts your kill.
Your Invocations skill increases to level 3!
You hear an angry hiss.
Things that are here:
a dire flail; a giant spiked club You eat one of the 24 rations.
That ration really hit the spot!
A komodo dragon comes into view.
There is an open door, spattered with blood here.
You see here a javelin.
You see here a javelin.
You slash the komodo dragon!
The komodo dragon is moderately wounded.
The komodo dragon bites you!
* * * LOW HITPOINT WARNING * * *
Damage: 10 (max 10)
You slash the komodo dragon!
The komodo dragon is severely wounded.
The komodo dragon bites you!
You die...

#..###...............#
####.'...........#####
.....#...........#
.....#########...#
.....†.......#...#
.............#...#
####.........#...#
#......)..'.(.#######
+..>......#..@l((....
#.........#.######...
#.........+.#
#.........#.#
#......####.+
........# ..#
......### ..#


You could see a komodo dragon.

Vanquished Creatures
  2 two-headed ogres
  The ghost of Torax the Martial Artist, a novice OpMo of Trog (D:6)
  A hornet (D:10)
  2 hippogriffs
  12 yaks (D:8)
  Grum (D:9)
  2 hell hounds
  3 slaves (D:6)
  A sky beast (D:5)
  An eye of draining (D:9)
  A black bear (D:10)
  4 ogres
  3 phantoms
  2 wolves (D:9)
  4 centaurs
  4 big kobolds
  2 bullfrogs
  3 scorpions
  6 killer bees
  7 wights
  4 howler monkeys
  2 centaur zombies
  3 crimson imps
  2 jellies (D:6)
  2 hounds
  4 orc wizards
  Crazy Yiuf (D:5)
  An orc priest (D:6)
  A gnoll shaman (D:5)
  2 centaur skeletons
  An iguana (D:4)
  9 worker ants
  A hound zombie (D:7)
  A hound skeleton (D:7)
  A worker ant zombie (D:5)
  4 gnolls
  24 adders
  A river rat (D:3)
  3 worms (D:3)
  2 dart slugs
  5 leopard geckos
  28 orcs
  7 bats
  6 giant cockroaches
  6 goblins
  11 hobgoblins
  4 jackals
  19 kobolds
  5 quokkas
  3 ball pythons
  6 frilled lizards
  A jackal skeleton (D:5)
  A leopard gecko skeleton (D:4)
  13 rats
246 creatures vanquished.

Vanquished Creatures (others)
  An orc warrior (D:9)
  An orc (D:3)
2 creatures vanquished.

Grand Total: 248 creatures vanquished

Notes
Turn   | Place    | Note
-------+----------+-------------------------------------------
     0 | D:1      | Gorice the Hill Orc Wanderer began the quest for the Orb.
     0 | D:1      | Gorice set off with: a +2 hand axe, a potion of lignification {!q}, 11 poisoned needles, a +0 blowgun, a +0 robe, a ration
     0 | D:1      | Reached XP level 1. HP: 18/18 MP: 1/1
    50 | D:1      | Reached skill level 3 in Axes
   109 | D:1      | Reached XP level 2. HP: 25/25 MP: 2/2
   278 | D:1      | Reached skill level 4 in Axes
   556 | D:1      | Reached XP level 3. HP: 25/30 MP: 3/3
   946 | D:2      | Noticed an ogre
  1116 | D:2      | Reached skill level 5 in Axes
  1156 | D:2      | Reached XP level 4. HP: 26/37 MP: 4/4
  1518 | D:2      | Reached skill level 3 in Armour
  1841 | D:3      | Noticed a big kobold
  1867 | D:3      | Killed a big kobold
  1867 | D:3      | Reached skill level 6 in Axes
  1867 | D:3      | Reached XP level 5. HP: 40/42 MP: 5/5
  2252 | D:3      | HP: 12/42 [something/puff of flame (1)]
  2256 | D:3      | HP: 5/42 [something/puff of flame (5)]
  2262 | D:3      | HP: 8/42 [orc/flail (5)]
  2729 | D:3      | Reached skill level 7 in Axes
  2741 | D:3      | Reached XP level 6. HP: 50/50 MP: 6/6
  2952 | D:3      | Became a worshipper of Beogh the Brigand
  3181 | D:3      | Reached skill level 4 in Armour
  3232 | D:4      | Found a snail-covered altar of Cheibriados.
  3638 | D:4      | Found Femm's Magic Scroll Boutique.
  3641 | D:4      | Bought a scroll of identify for 28 gold pieces
  3641 | D:4      | Bought a scroll of identify for 28 gold pieces
  3738 | D:4      | Reached skill level 8 in Axes
  3779 | D:3      | Reached XP level 7. HP: 50/56 MP: 7/7
  4110 | D:3      | Reached skill level 9 in Axes
  4110 | D:3      | Reached skill level 5 in Armour
  4449 | D:4      | Reached * piety under Beogh
  4945 | D:5      | Entered Level 5 of the Dungeon
  5085 | D:5      | Reached XP level 8. HP: 50/62 MP: 8/8
  5156 | D:5      | Reached skill level 10 in Axes
  5401 | D:4      | Reached skill level 6 in Armour
  5905 | D:5      | Reached skill level 11 in Axes
  6101 | D:5      | Found a blossoming altar of Fedhas.
  6437 | D:5      | Found a runed door.
  6441 | D:5      | Noticed Crazy Yiuf
  6487 | D:5      | Killed Crazy Yiuf
  6679 | D:6      | Noticed Torax's ghost (novice OpMo)
  6706 | D:6      | Killed Torax's ghost
  6706 | D:6      | Reached skill level 12 in Axes
  6706 | D:6      | Reached skill level 7 in Armour
  6706 | D:6      | Reached XP level 9. HP: 39/68 MP: 4/9
  7018 | D:6      | Found a stormy altar of Qazlal.
  7839 | D:6      | Reached skill level 13 in Axes
  7855 | D:6      | Reached ** piety under Beogh
  7889 | D:7      | Reached skill level 8 in Armour
  7908 | D:7      | Found a sacrificial altar of Ru.
  8686 | D:7      | Noticed Pikel
  8800 | D:7      | Found a staircase to the Ecumenical Temple.
  8807 | Temple   | Entered the Ecumenical Temple
  9319 | D:8      | Reached skill level 14 in Axes
  9406 | D:8      | Reached XP level 10. HP: 66/74 MP: 7/10
  9640 | D:8      | Found Boxumom's Distillery.
  9648 | D:8      | Bought a potion of invisibility for 80 gold pieces
  9648 | D:8      | Bought a potion of heal wounds for 50 gold pieces
  9648 | D:8      | Bought a potion of haste for 100 gold pieces
  9735 | D:9      | Noticed a two-headed ogre
  9817 | D:8      | Reached skill level 9 in Armour
  9911 | D:8      | Reached *** piety under Beogh
 10011 | D:8      | Reached skill level 15 in Axes
 10723 | D:8      | Reached skill level 10 in Armour
 10852 | D:8      | Reached skill level 16 in Axes
 10907 | D:9      | Found a staircase to the Lair.
 10965 | D:9      | Noticed Grum
 10988 | D:9      | Killed Grum
 11726 | D:9      | Killed a two-headed ogre
 11726 | D:9      | Reached skill level 2 in Invocations
 11726 | D:9      | Reached XP level 11. HP: 68/80 MP: 1/12
 11805 | Lair:1   | Entered Level 1 of the Lair of Beasts
 11833 | Lair:1   | Noticed a six-headed hydra
 11881 | D:10     | Entered Level 10 of the Dungeon
 12125 | D:10     | Noticed a two-headed ogre
 12141 | D:10     | HP: 24/80 [two-headed ogre/dire flail (7)]
 12145 | D:10     | Killed a two-headed ogre
 12145 | D:10     | Reached skill level 3 in Invocations
 12154 | D:10     | HP: 10/80 [komodo dragon (10)]
 12155 | D:10     | Mangled by a komodo dragon

Vault maps used:
D:1:      tarquinn_simple_flora_water_b, minmay_split_cup_large
D:2:      minmay_tripent
D:3:      portal_sewer_entry_e, kennysheep_cross_room
D:4:      serial_shops, nicolae_shop_behind_doors, first_ration,
          kennysheep_slug_shrine
D:5:      fedhas_altar_2, uniq_crazy_yiuf_cottage
D:6:      nicolae_overflow_crystal_walls, corexii_item_surrounded_by_moat
D:7:      minmay_temple_entry_enclosed_plants, nicolae_ru_sacrificial_ziggurat,
          uniq_pikel
D:8:      serial_shops, nicolae_shop_stone
D:9:      minmay_lair_entry_lava, grunt_pizzeria, uniq_grum
D:10:     orc_0_dummy, trove_entry_hex_spiral
Temple:   compressed_dpeg_circular_temple
Lair:1:   serial_bayou_lake_a, grunt_megastairs_5

Skill      XL: |  1  2  3  4  5  6  7  8  9 10 11 |
---------------+----------------------------------+-----
Axes           | 3 4 5 6 7 8 9 12 14 16 | 16.8
Armour         | 3 4 5 7 8 10 | 10.7
Invocations    | 2 3 |  3.5
Fighting       | |  2.4
Staves         | |  1.0
Throwing       | |  1.0
Dodging        | |  1.0
Evocations     | |  1.0

Action                   |  1- 3 |  4- 6 |  7- 9 | 10-12 || total
-------------------------+-------+-------+-------+-------++-------
Melee: Hand axe          |   103 |   200 |   509 |   192 ||  1004
       Battleaxe         |       |       |       |    40 ||    40
 Fire: Blowgun           |       |    18 |    24 |    18 ||    60
Throw: Stone             |       |     4 |       |       ||     4
       Tomahawk          |       |    18 |    12 |    13 ||    43
       Javelin           |       |       |       |     2 ||     2
Invok: Convert to Beogh  |       |     1 |       |       ||     1
       Smiting           |       |       |       |     3 ||     3
Evoke: Wand              |       |       |       |     2 ||     2
  Use: Scroll            |     4 |     7 |     6 |     3 ||    20
       Potion            |       |     1 |       |       ||     1
 Stab: Distracted        |       |       |     1 |       ||     1
  Eat: Chunk             |     1 |     8 |    18 |     7 ||    34
       Ration            |       |       |       |     1 ||     1
Armor: Robe              |     9 |       |       |       ||     9
       Ring mail         |    30 |    91 |    17 |       ||   138
       Chain mail        |       |       |   200 |   115 ||   315
Dodge: Dodged            |    48 |    90 |   143 |    96 ||   377

Table legend:
 A = Spawn XP
 B = Non-spawn XP
 C = Spawn XP percentage of total XP
 D = Spawn monster count
 E = Non-spawn monster count
 F = Spawn count percentage of total count
 G = Total turns spent on level
                    A         B        C        D         E        F      G
               +---------+---------+-------+---------+---------+-------+---------
         Total |       0 |   11498 |   0.0 |       0 |     244 |   0.0 | 12155
               +---------+---------+-------+---------+---------+-------+---------
           D:1 |       0 |      44 |   0.0 |       0 |      27 |   0.0 |   975
           D:2 |       0 |      84 |   0.0 |       0 |      22 |   0.0 |   848
           D:3 |       0 |     455 |   0.0 |       0 |      36 |   0.0 |  2028
           D:4 |       0 |     641 |   0.0 |       0 |      32 |   0.0 |  1561
           D:5 |       0 |     775 |   0.0 |       0 |      22 |   0.0 |  1360
           D:6 |       0 |    1686 |   0.0 |       0 |      26 |   0.0 |  1379
           D:7 |       0 |     454 |   0.0 |       0 |      18 |   0.0 |   949
           D:8 |       0 |    3977 |   0.0 |       0 |      43 |   0.0 |  1829
           D:9 |       0 |    1906 |   0.0 |       0 |      13 |   0.0 |   779
          D:10 |       0 |    1391 |   0.0 |       0 |       4 |   0.0 |   274
        Lair:1 |       0 |      85 |   0.0 |       0 |       1 |   0.0 |    48
               +---------+---------+-------+---------+---------+-------+---------

Table legend:
 A = Turns spent in this place as a percentage of turns spent in the entire game.
 B = Non-inter-level travel turns spent in this place as a percentage of non-inter-level travel turns spent in the entire game.
 C = Inter-level travel turns spent in this place as a percentage of turns spent in this place.
 D = Turns resting spent in this place as a percentage of non-inter-level travel turns spent in this place.
 E = Turns spent auto-exploring this place as a percentage of non-inter-level travel turns spent in this place.
 F = Non-inter-level travel turns spent in this place divided by the number of levels of this place that you've seen.
                   A       B       C       D       E      F
               +-------+-------+-------+-------+-------+----------------------
         Total | 100.0 | 100.0 |   8.8 |  23.0 |  34.5 | 923.8
       Dungeon |  98.6 |  98.8 |   8.6 |  23.3 |  34.1 | 1095.0
        Temple |   1.0 |   0.8 |  29.6 |   0.0 |  97.7 |  88.0
          Lair |   0.4 |   0.4 |   0.0 |   0.0 |  10.4 |  48.0
               +-------+-------+-------+-------+-------+----------------------

Vault maps used:
D:1:      tarquinn_simple_flora_water_b, minmay_split_cup_large
D:2:      minmay_tripent
D:3:      portal_sewer_entry_e, kennysheep_cross_room
D:4:      serial_shops, nicolae_shop_behind_doors, first_ration,
          kennysheep_slug_shrine
D:5:      fedhas_altar_2, uniq_crazy_yiuf_cottage
D:6:      nicolae_overflow_crystal_walls, corexii_item_surrounded_by_moat
D:7:      minmay_temple_entry_enclosed_plants, nicolae_ru_sacrificial_ziggurat,
          uniq_pikel
D:8:      serial_shops, nicolae_shop_stone
D:9:      minmay_lair_entry_lava, grunt_pizzeria, uniq_grum
D:10:     orc_0_dummy, trove_entry_hex_spiral
Temple:   compressed_dpeg_circular_temple
Lair:1:   serial_bayou_lake_a, grunt_megastairs_5
